 Dungeon Crawl Stone Soup version 0.19-a0-854-gc78d25d (webtiles) character file.

1939 Implojin the Grappler (level 8, 74/74 HPs)
             Began as a Troll Fighter on July 1, 2016.
             Quit the game on level 6 of the Dungeon.
             The game lasted 00:08:01 (1822 turns).

Implojin the Grappler (Troll Fighter)               Turns: 1822, Time: 00:08:02

Health: 74/74      AC:  5    Str: 25    XL:     8   Next: 97%
Magic:  7/7        EV:  8    Int:  4    God:
Gold:   0          SH:  9    Dex: 11    Spells: 0 memorised, 7 levels left

rFire  . . .     SeeInvis .       - Unarmed
rCold  . . .     Gourm    +     a - +0 robe
rNeg   . . .     Faith    .     b - +0 shield
rPois  .         Spirit   .     (helmet restricted)
rElec  .         Dismiss  .     (no cloak)
rCorr  .         Reflect  .     (gloves unavailable)
SustAt .         Harm     .     (boots unavailable)
MR     .....                    (no amulet)
Stlth  +.........               (no ring)
                                (no ring)

@: not resistant to hostile enchantments, very unstealthy
A: unfitting armour, claws 3, fast metabolism 3, gourmand, regeneration 2,
shaggy fur 1, tough skin 2
a: no special abilities


You were on level 6 of the Dungeon.
You were not hungry.

You visited 1 branch of the dungeon, and saw 9 of its levels.

Inventory:

Missiles
 i - 6 curare-tipped needles
Armour
 a - a +0 robe (worn)
 b - a +0 shield (worn)
 r - a +0 cloak
Jewellery
 s - an uncursed ring of wizardry {unknown}
 z - an uncursed ring of magical power {unknown}
Wands
 n - a wand of iceblast (7/15)
 t - a wand of flame (14/48)
 y - a wand of polymorph (13/24)
Scrolls
 c - a scroll of enchant weapon {unknown}
 e - 2 scrolls of magic mapping {unknown}
 h - 2 scrolls of remove curse {unknown}
 l - a scroll of fear
 w - a scroll of noise
 x - 2 scrolls of blinking {unknown}
 A - a scroll of acquirement {unknown}
 C - 2 scrolls of enchant armour {unknown}
Potions
 g - a potion of brilliance
 k - 3 potions of cure mutation
 m - 2 potions of haste
 o - a potion of invisibility {unknown}
 p - a potion of agility {unknown}
 q - a potion of flight {unknown}
 u - a potion of mutation {unknown}
 v - a potion of resistance {unknown}
Books
 B - a book of Necromancy

   Spells                             Type                      Level
   a - Pain                           Necromancy                   1
   b - Animate Skeleton               Necromancy                   1
   c - Vampiric Draining              Necromancy                   3
   d - Regeneration                   Charms/Necromancy            3
   e - Animate Dead                   Necromancy                   4
   f - Control Undead                 Necromancy                   4
Comestibles
 d - 7 bread rations
 f - a beef jerky
 j - 2 meat rations


   Skills:
 - Level 2.4 Fighting
 - Level 2.4 Dodging
 - Level 2.4 Shields
 * Level 11.6 Unarmed Combat


You had 7 spell levels left.
You didn't know any spells.

Dungeon Overview and Level Annotations

Branches:
Dungeon (9/15)
 Temple: D:4-7         Lair: D:8-11         Orc: D:9-12

Altars:
Dithmenos
Pakellas

Shops:
D:6 %


Innate Abilities, Weirdness & Mutations

You are too large for most types of armour.
You have claws for hands.
Your metabolism is lightning-fast.
You like to eat raw meat.
You heal very quickly.
You are covered in fur. (AC +1)
You have very tough skin. (AC +2)


Message History

The water moccasin bites you but does no damage.
Unknown command.
You miss the water moccasin.
The water moccasin is moderately wounded.
You feel sick.
The water moccasin bites you but does no damage.
You barely miss the water moccasin.
The water moccasin is moderately wounded.
You mangle the water moccasin!!
You kill the water moccasin!
You feel sick.
You see here a water moccasin corpse.
You feel sick.
You feel sick.
You feel sick.
You feel sick.
You feel sick.
You feel sick.
You feel sick.
Found a stone staircase leading down.
You feel sick.
You feel sick.
There is a stone staircase leading down here.
You climb downwards.
There is a stone staircase leading up here.
Unknown command.
Unknown command.
You feel sick.
Your extra speed is starting to run out.
You feel sick.
You feel yourself slow down.
You feel sick.
You are no longer poisoned.
Found a smoky emerald potion.
o - a smoky emerald potion Your magical contamination has completely faded away.
Found 2 scrolls labeled PAZOOC QEESCH.
Found an escape hatch in the ceiling.
C - 2 scrolls labeled PAZOOC QEESCH Are you sure you want to abandon this character and quit the game? (Confirm with "yes".)

....###.......# #.#.# #...##.####
.....#..##....# #.#.# #.........#
....###.##....# #.#.# #.........#
.....#..##....###.#.# ###.......#
.......#........†...# #.......#
...#####.#....###.##########'####
..## #...#....# #.#....)))...##..
#.# #.##########.#.###########.#
#.# #.# #...@.#.# #.####.####
#.#####.# #.........# #.# #.#
######.##.# #.# #.# #.# # #.# #.#
#.# #.# #.# #.# #.# #.# #.# #.#
#.# #.#


There were no monsters in sight!

Vanquished Creatures
  Grinder (D:3)
  Sigmund (D:3)
  Edmund (D:6)
  A water moccasin (D:5)
  A sky beast (D:5)
  2 ice beasts
  A phantom (D:7)
  2 ogres
  A giant frog (D:7)
  2 elf skeletons (D:4)
  A scorpion (D:5)
  A howler monkey (D:4)
  5 crimson imps
  2 orc wizards (D:7)
  An orc priest (D:6)
  A hound (D:6)
  A centaur skeleton (D:4)
  A giant frog skeleton (D:6)
  A human skeleton (D:4)
  3 worker ants
  4 gnolls (D:4)
  4 adders
  A shadow imp (D:5)
  An ooze (D:5)
  An adder skeleton (D:5)
  A dart slug (D:5)
  2 giant geckos
  13 orcs
  2 giant cockroaches
  3 goblins
  2 hobgoblins (D:1)
  2 jackals (D:5)
  A giant newt (D:7)
  A quokka skeleton (D:5)
  A rat (D:2)
69 creatures vanquished.

Notes
Turn   | Place    | Note
-------+----------+-------------------------------------------
     0 | D:1      | Implojin the Troll Fighter began the quest for the Orb.
     0 | D:1      | Reached XP level 1. HP: 22/22 MP: 0/0
   237 | D:3      | Noticed Sigmund
   250 | D:3      | Reached XP level 2. HP: 27/29 MP: 1/1
   259 | D:3      | Killed Sigmund
   259 | D:3      | Reached skill level 5 in Unarmed Combat
   259 | D:3      | Reached XP level 3. HP: 36/36 MP: 2/2
   259 | D:3      | Reached XP level 4. HP: 44/44 MP: 3/3
   259 | D:3      | Reached XP level 5. HP: 50/50 MP: 4/4
   276 | D:3      | Noticed Grinder
   290 | D:3      | Killed Grinder
   290 | D:3      | Reached skill level 6 in Unarmed Combat
   290 | D:3      | Reached XP level 6. HP: 34/59 MP: 5/5
   363 | D:5      | Entered Level 5 of the Dungeon
   394 | D:5      | Reached skill level 7 in Unarmed Combat
   429 | D:6      | Found Zewik's Food Shoppe.
   541 | D:5      | Noticed a sky beast
   548 | D:5      | Reached XP level 7. HP: 66/66 MP: 6/6
   555 | D:5      | Reached skill level 8 in Unarmed Combat
   733 | D:6      | Found an oddly glowing altar of Pakellas.
   854 | D:6      | Reached skill level 9 in Unarmed Combat
   897 | D:6      | Noticed Edmund
   906 | D:6      | Killed Edmund
   906 | D:6      | Reached XP level 8. HP: 34/74 MP: 7/7
  1005 | D:6      | Reached skill level 10 in Unarmed Combat
  1453 | D:4      | Reached skill level 11 in Unarmed Combat
  1541 | D:4      | Found a shadowy altar of Dithmenos.
  1822 | D:6      | Quit the game

Vault maps used:
D:1:      evilmike_arrival_rings
D:2:      okawaru_gym_becter
D:3:      uniq_sigmund, uniq_grinder
D:4:      nicolae_ossuary_entry_catacombs, first_bread,
          grunt_decor_mini_mirrors, dk_noncrumbling_4, minmay_stone_trees_small,
          serial_bayou_pond_d, grunt_dithmenos_shadows, uniq_duvessa
D:5:      minmay_opposing_rooms, guppyfry_early_orc_mine
D:6:      kennysheep_steamy, serial_shops, shop, grunt_pakellas_mercury,
          uniq_edmund, uniq_pikel
D:7:      serial_shops, shop, minmay_three_doors
D:8:      special_room, serial_shops, shop, grunt_livestock, minmay_radiant,
          uniq_maurice

Skill      XL: |  1  2  3  4  5  6  7  8 |
---------------+-------------------------+-----
Unarmed Combat | 5 6 7 9 11 | 11.6
Fighting       | |  2.4
Dodging        | |  2.4
Shields        | |  2.4

Action                   |  1- 3 |  4- 6 |  7- 9 || total
-------------------------+-------+-------+-------++-------
Melee: Unarmed           |    22 |    53 |   178 ||   253
  Use: Potion            |     1 |       |     2 ||     3
       Scroll            |       |       |     8 ||     8
  Eat: Chunk             |     3 |     2 |     9 ||    14
Armor: Robe              |     5 |     4 |    39 ||    48
Dodge: Dodged            |     6 |    18 |    53 ||    77
Block: Shield            |    13 |    21 |    77 ||   111

Table legend:
 A = Turns spent in this place as a percentage of turns spent in the entire game.
 B = Non-inter-level travel turns spent in this place as a percentage of non-inter-level travel turns spent in the entire game.
 C = Inter-level travel turns spent in this place as a percentage of turns spent in this place.
 D = Turns resting spent in this place as a percentage of non-inter-level travel turns spent in this place.
 E = Turns spent auto-exploring this place as a percentage of non-inter-level travel turns spent in this place.
 F = Non-inter-level travel turns spent in this place divided by the number of levels of this place that you've seen.
                   A       B       C       D       E      F
               +-------+-------+-------+-------+-------+----------------------
         Total | 100.0 | 100.0 |   0.0 |   0.0 |   0.0 | 201.8
       Dungeon | 100.0 | 100.0 |   0.0 |   0.0 |   0.0 | 201.8
               +-------+-------+-------+-------+-------+----------------------

Table legend:
 A = Kills in this place as a percentage of kills in entire the game.
 B = Kills by you in this place as a percentage of kills by you in the entire game.
 C = Kills by friends in this place as a percentage of kills by friends in the entire game.
 D = Other kills in this place as a percentage of other kills in the entire game.
 E = Experience gained in this place as a percentage of experience gained in the entire game.
 F = Experience gained in this place divided by the number of levels of this place that you have seen.
                   A       B       C       D       E      F
               +-------+-------+-------+-------+-------+----------------------
         Total | 100.0 | 100.0 |  -nan |  -nan | 100.0 | 307.8
       Dungeon | 100.0 | 100.0 |  -nan |  -nan | 100.0 | 307.8
               +-------+-------+-------+-------+-------+----------------------
